 Dungeon Crawl Stone Soup version 0.21-a0-538-gd16b88a (webtiles) character file.

1318 tidbits the Digger (level 8, -9/58 HPs)
             Began as a Gnoll Earth Elementalist on Dec 15, 2017.
             Was a Follower of Cheibriados.
             Mangled by an ice beast (13 damage)
             ... on level 7 of the Dungeon.
             The game lasted 00:14:02 (1617 turns).

tidbits the Digger (Gnoll Earth Elementalist)       Turns: 1617, Time: 00:14:03

Health: -9/58      AC:  2    Str: 12    XL:     8   Next: 59%
Magic:  6/15       EV: 16    Int: 25    God:    Cheibriados [*.....]
Gold:   262        SH:  0    Dex: 18    Spells: 9/19 levels left

rFire    . . .     SeeInvis +   a - +9 rapier of Odghut {pierce, SInv}
rCold    . . .     Gourm    .   (no shield)
rNeg     . . .     Faith    .   c - +0 robe
rPois    .         Spirit   .   (no helmet)
rElec    .         Reflect  .   (no cloak)
rCorr    .         Harm     .   (no gloves)
MR       .....                  (no boots)
Stlth    ++........             (no amulet)
HPRegen  0.19/turn              g - ring of loudness (curse)
MPRegen  0.14/turn              J - +3 ring of intelligence

@: very slightly contaminated, very slow
A: distributed training, fangs 1, low mp 1, strong nose
a: Bend Time, Renounce Religion


You were on level 7 of the Dungeon.
You worshipped Cheibriados.
Cheibriados was aware of your devotion.
You were not hungry.

You visited 1 branch of the dungeon, and saw 7 of its levels.

You collected 262 gold pieces.

Inventory:

Hand Weapons
 a - the +9 rapier of Odghut (weapon) {pierce, SInv}
   (You found it on level 7 of the Dungeon)

   It inflicts extra damage upon your enemies.
   It lets you see invisible.
 b - a +0 rapier of speed
   (You found it on level 4 of the Dungeon)
 l - a +0 dagger
 u - a +0 whip of pain
   (You took it off a kobold on level 4 of the Dungeon)
 H - a +0 scimitar
 M - a +1 spear of flaming
   (You found it on level 6 of the Dungeon)
Missiles
 i - 13 sling bullets
 D - 42 arrows
Armour
 c - a +0 robe (worn)
 n - a +0 pair of boots
 F - a +2 pair of boots of running
   (You found it on level 3 of the Dungeon)
Jewellery
 g - a cursed ring of loudness (left hand)
   (You found it on level 1 of the Dungeon)
 j - an uncursed ring of flight
   (You found it on level 1 of the Dungeon)
 J - a +3 ring of intelligence (right hand)
   (You found it on level 6 of the Dungeon)
Wands
 C - a wand of flame (4)
 E - a wand of iceblast (6)
Scrolls
 k - a scroll of magic mapping
 p - a scroll of noise {unknown}
 r - a scroll of fog {unknown}
 w - 2 scrolls of teleportation
 x - 2 scrolls of amnesia
 y - a scroll of blinking
 G - a scroll of enchant armour {unknown}
 K - 3 scrolls of remove curse {unknown}
 L - a scroll of enchant weapon {unknown}
 N - 2 scrolls of random uselessness {unknown}
Potions
 h - 3 potions of curing {unknown}
 m - a potion of berserk rage {unknown}
 o - 2 potions of brilliance {unknown}
 q - 2 potions of lignification {unknown}
 s - a potion of heal wounds {unknown}
 t - a potion of agility
 v - a potion of degeneration
 z - 2 potions of flight {unknown}
 A - a potion of cancellation
 B - 2 potions of ambrosia
 O - a potion of haste {unknown}
Books
 e - a book of Geomancy

   Spells                             Type                      Level
   a - Sandblast                      Earth                        1
   b - Passwall                       Transmutation/Earth          2
   c - Stone Arrow                    Conjuration/Earth            3
   d - Petrify                        Transmutation/Earth          4
   e - Lee's Rapid Deconstruction     Earth                        5
 I - a book of Callings
   (You found it on level 7 of the Dungeon)

   Spells                             Type                      Level
   a - Summon Small Mammal            Summoning                    1
   b - Call Imp                       Summoning                    2
   c - Call Canine Familiar           Summoning                    3
   d - Summon Guardian Golem          Hexes/Summoning              3
   e - Summon Lightning Spire         Summoning/Air                4
   f - Summon Ice Beast               Ice/Summoning                4
Comestibles
 d - 6 bread rations
 f - 4 meat rations


   Skills:
 + Level 3.3 Fighting
 + Level 3.3 Short Blades
 + Level 3.3 Long Blades
 + Level 3.3 Axes
 + Level 3.3 Maces & Flails
 + Level 3.3 Polearms
 + Level 3.3 Staves
 + Level 3.3 Slings
 + Level 3.3 Bows
 + Level 3.3 Crossbows
 + Level 3.3 Throwing
 + Level 3.3 Armour
 + Level 5.7 Dodging
 + Level 5.4 Stealth
 + Level 3.3 Shields
 + Level 3.3 Unarmed Combat
 + Level 6.1 Spellcasting
 + Level 2.7 Conjurations
 + Level 2.7 Hexes
 + Level 2.7 Charms
 + Level 2.7 Summonings
 + Level 2.7 Necromancy
 + Level 2.7 Translocations
 + Level 3.5 Transmutations
 + Level 2.7 Fire Magic
 + Level 2.7 Ice Magic
 + Level 2.7 Air Magic
 + Level 6.1 Earth Magic
 + Level 2.7 Poison Magic
 + Level 3.6 Invocations
 + Level 3.3 Evocations


You had 9 spell levels left.
You knew the following spells:

 Your Spells              Type           Power        Failure   Level  Hunger
a - Sandblast             Erth           #####.       1%          1    None
t - Stone Arrow           Conj/Erth      ####..       3%          3    None
w - Passwall              Tmut/Erth      ####......   1%          2    None
L - Summon Lightning Spi  Summ/Air       ###.....     24%         4    ###....


Dungeon Overview and Level Annotations

Branches:
Dungeon (7/15)
 Temple: D:4-7

Altars:
Cheibriados
Makhleb
Nemelex Xobeh
Okawaru
The Shining One

Shops:
D:5 [


Innate Abilities, Weirdness & Mutations

Your experience applies equally to all skills.
You have very sharp teeth.
Your uncanny sense of smell can sniff out nearby items.
Your magical capacity is low. (-10% MP)


Message History

d - 6 bread rations (gained 2)
Things that are here:
a dagger; a robe; a spriggan corpse You open the door.
A leopard gecko comes into view.
There is an open door here.
The leopard gecko hisses angrily.
A worker ant and a phantom come into view.
The phantom blinks!
An ogre and a hungry ghost come into view.
The worker ant twitches its antennae in your direction.
The ogre moves out of view.
The phantom blinks!
Found 8 gold pieces.
You puncture the leopard gecko!
You kill the leopard gecko!
Cheibriados thoroughly appreciates the change of pace.
The worker ant bites you but does no damage.
The worker ant closely misses you.
You see here a leopard gecko corpse.
You puncture the worker ant!
You kill the worker ant!
Cheibriados appreciates the change of pace.
You miss the phantom. The phantom closely misses you.
Casting: Sandblast
Confirm with . or Enter, or press ? or * to list all spells.
Aiming: Sandblast
Press: ? - help, Shift-Dir - straight line, f - phantom
Aim: a phantom You don't have any stones to cast with.
Unknown command.
You puncture the phantom!
The phantom is heavily damaged.
The phantom hits you.
The phantom blinks!
The phantom hits you.
The phantom blinks!
The phantom hits you!
The phantom blinks!
You puncture the hungry ghost!
The hungry ghost is moderately damaged.
The hungry ghost closely misses you.
You puncture the hungry ghost! You bite the hungry ghost.
The hungry ghost is almost destroyed.
The hungry ghost closely misses you.
The phantom blinks!
You puncture the hungry ghost!
You destroy the hungry ghost!
Cheibriados appreciates the change of pace.
Your Spellcasting skill increases to level 6!
You puncture the phantom!
The phantom is almost destroyed.
The phantom barely misses you.
You puncture the phantom!
You destroy the phantom!
Cheibriados appreciates the change of pace.
You see here a leopard gecko corpse.
You butcher the leopard gecko corpse.
You see here a chunk of flesh.
Eat a chunk of flesh? (ye/n/q)
You eat the chunk of flesh.
This raw flesh tastes terrible.
You see here a worker ant corpse.
A quokka comes into view.
An ice beast comes into view.
You see here 8 gold pieces.
You now have 262 gold pieces (gained 8).
Casting: Sandblast
Confirm with . or Enter, or press ? or * to list all spells.
Aiming: Stone Arrow
Press: ? - help, Shift-Dir - straight line, f - ice beast
Aim: an ice beast The stone arrow hits the ice beast.
The ice beast is severely wounded.
You hit the ice beast.
The ice beast is severely wounded.
The ice beast hits you. The ice beast freezes you!
* * * LOW HITPOINT WARNING * * *
You hit the ice beast.
You bite the ice beast, but do no damage.
The ice beast is almost dead.
The ice beast hits you.
* * * LOW HITPOINT WARNING * * *
The ice beast freezes you!
* * * LOW HITPOINT WARNING * * *
Casting: Stone Arrow
Confirm with . or Enter, or press ? or * to list all spells.
Aiming: Stone Arrow
Press: ? - help, Shift-Dir - straight line, f/p - ice beast
Aim: an ice beast (almost dead)
The stone arrow misses the ice beast.
The ice beast closely misses you.
Casting: Stone Arrow
Confirm with . or Enter, or press ? or * to list all spells.
Aiming: Stone Arrow
Press: ? - help, Shift-Dir - straight line, f/p - ice beast
Aim: an ice beast (almost dead)
You miscast Stone Arrow.
You are very lightly contaminated with residual magic.
Nothing appears to happen.
The ice beast hits you but does no damage.
You closely miss the ice beast.
The ice beast is almost dead.
The ice beast hits you.
* * * LOW HITPOINT WARNING * * *
The ice beast freezes you!
You die...

#.#### #.#'## #....####
#.#.###
#.......###...... #
#......†........
..#####.....####.....
................####
..### #........######
......#.#......#########
#..@................
####Y.##............
#..##............
#..##............
.................
r.................
∆...................
.......... ∆........
.......... ........


You could see an ice beast.

Vanquished Creatures
  A spriggan (D:7)
  A hungry ghost (D:7)
  A sky beast (D:6)
  2 phantoms
  2 ogres
  Blork the orc (D:6)
  2 crimson imps (D:7)
  A jelly (D:7)
  An iron imp (D:6)
  An orc priest (D:6)
  A bullfrog zombie (D:7)
  A hound (D:7)
  An orc wizard (D:6)
  Jessica (D:3)
  2 worker ants
  4 iguanas
  A hound zombie (D:6)
  A hound skeleton (D:4)
  3 adders
  A worm (D:4)
  2 dart slugs
  4 leopard geckos
  9 orcs
  A ball python (D:5)
  2 bats (D:1)
  3 giant cockroaches
  6 goblins
  2 hobgoblins
  3 quokkas
  2 kobolds
  3 rats (D:1)
66 creatures vanquished.

Notes
Turn   | Place    | Note
-------+----------+-------------------------------------------
     0 | D:1      | tidbits the Gnoll Earth Elementalist began the quest for the Orb.
     0 | D:1      | Reached XP level 1. HP: 13/13 MP: 6/6
   119 | D:1      | Reached skill level 2 in Transmutations
   132 | D:1      | Reached XP level 2. HP: 19/19 MP: 5/7
   143 | D:1      | Learned a level 2 spell: Passwall
   245 | D:1      | You fall through a shaft!
   389 | D:3      | Noticed Jessica
   444 | D:4      | Reached skill level 5 in Spellcasting
   444 | D:4      | Reached XP level 3. HP: 17/25 MP: 4/9
   460 | D:4      | Found an iron altar of Okawaru.
   480 | D:5      | Entered Level 5 of the Dungeon
   480 | D:5      | Found Gixe's Antique Armour Shoppe.
   481 | D:5      | Noticed an ogre
   485 | D:5      | Killed an ogre
   485 | D:5      | Reached skill level 1 in Fighting
   485 | D:5      | Reached skill level 1 in Short Blades
   485 | D:5      | Reached skill level 1 in Long Blades
   485 | D:5      | Reached skill level 1 in Axes
   485 | D:5      | Reached skill level 1 in Maces & Flails
   485 | D:5      | Reached skill level 1 in Polearms
   485 | D:5      | Reached skill level 1 in Staves
   485 | D:5      | Reached skill level 1 in Slings
   485 | D:5      | Reached skill level 1 in Bows
   485 | D:5      | Reached skill level 1 in Crossbows
   485 | D:5      | Reached skill level 1 in Throwing
   485 | D:5      | Reached skill level 1 in Armour
   485 | D:5      | Reached skill level 1 in Shields
   485 | D:5      | Reached skill level 1 in Unarmed Combat
   485 | D:5      | Reached skill level 1 in Conjurations
   485 | D:5      | Reached skill level 1 in Hexes
   485 | D:5      | Reached skill level 1 in Charms
   485 | D:5      | Reached skill level 1 in Summonings
   485 | D:5      | Reached skill level 1 in Necromancy
   485 | D:5      | Reached skill level 1 in Translocations
   485 | D:5      | Reached skill level 1 in Fire Magic
   485 | D:5      | Reached skill level 1 in Ice Magic
   485 | D:5      | Reached skill level 1 in Air Magic
   485 | D:5      | Reached skill level 1 in Poison Magic
   485 | D:5      | Reached skill level 1 in Invocations
   485 | D:5      | Reached skill level 1 in Evocations
   485 | D:5      | Reached XP level 4. HP: 26/32 MP: 4/11
   525 | D:4      | Noticed an ogre
   529 | D:4      | Killed an ogre
   529 | D:4      | Reached XP level 5. HP: 36/37 MP: 6/12
   561 | D:3      | Killed Jessica
   561 | D:3      | Reached XP level 6. HP: 44/44 MP: 8/13
   563 | D:3      | Reached skill level 2 in Invocations
   649 | D:3      | Identified a +2 pair of boots of running (You found it on level 3 of the Dungeon)
   945 | D:5      | Found a sparkling altar of Nemelex Xobeh.
   994 | D:5      | Found a glowing golden altar of the Shining One.
  1067 | D:5      | Noticed a phantom
  1074 | D:5      | Killed a phantom
  1074 | D:5      | Reached skill level 2 in Fighting
  1074 | D:5      | Reached skill level 2 in Short Blades
  1074 | D:5      | Reached skill level 2 in Long Blades
  1074 | D:5      | Reached skill level 2 in Axes
  1074 | D:5      | Reached skill level 2 in Maces & Flails
  1074 | D:5      | Reached skill level 2 in Polearms
  1074 | D:5      | Reached skill level 2 in Staves
  1074 | D:5      | Reached skill level 2 in Slings
  1074 | D:5      | Reached skill level 2 in Bows
  1074 | D:5      | Reached skill level 2 in Crossbows
  1074 | D:5      | Reached skill level 2 in Throwing
  1074 | D:5      | Reached skill level 2 in Armour
  1074 | D:5      | Reached skill level 5 in Dodging
  1074 | D:5      | Reached skill level 2 in Shields
  1074 | D:5      | Reached skill level 2 in Unarmed Combat
  1074 | D:5      | Reached skill level 2 in Evocations
  1161 | D:6      | Learned a level 3 spell: Stone Arrow
  1183 | D:6      | Found a snail-covered altar of Cheibriados.
  1196 | D:6      | Became a worshipper of Cheibriados the Contemplative
  1197 | D:6      | Reached XP level 7. HP: 49/50 MP: 4/15
  1215 | D:6      | Noticed Blork the orc
  1236 | D:6      | Killed Blork the orc
  1287 | D:6      | Reached skill level 2 in Conjurations
  1287 | D:6      | Reached skill level 2 in Hexes
  1287 | D:6      | Reached skill level 2 in Charms
  1287 | D:6      | Reached skill level 2 in Summonings
  1287 | D:6      | Reached skill level 2 in Necromancy
  1287 | D:6      | Reached skill level 2 in Translocations
  1287 | D:6      | Reached skill level 3 in Transmutations
  1287 | D:6      | Reached skill level 2 in Fire Magic
  1287 | D:6      | Reached skill level 2 in Ice Magic
  1287 | D:6      | Reached skill level 2 in Air Magic
  1287 | D:6      | Reached skill level 2 in Poison Magic
  1290 | D:6      | Gained mutation: You have a pair of small horns on your head. [mutagenic meat]
  1291 | D:6      | Lost mutation: You have a pair of small horns on your head. [mutagenic meat]
  1292 | D:6      | Gained mutation: Your magical capacity is low. (-10% MP) [mutagenic meat]
  1408 | D:6      | Reached skill level 5 in Stealth
  1427 | D:7      | Reached skill level 3 in Invocations
  1432 | D:7      | Found a burning altar of Makhleb.
  1432 | D:7      | Noticed an Executioner
  1516 | D:7      | Got a brightly glowing rapier
  1517 | D:7      | Identified the +9 rapier of Odghut {pierce, SInv} (You found it on level 7 of the Dungeon)
  1521 | D:7      | Reached XP level 8. HP: 56/57 MP: 15/15
  1529 | D:7      | Reached * piety under Cheibriados
  1529 | D:7      | Reached skill level 6 in Earth Magic
  1556 | D:7      | Learned a level 4 spell: Summon Lightning Spire
  1567 | D:7      | Noticed a spriggan baker
  1570 | D:7      | Killed a spriggan baker
  1570 | D:7      | Reached skill level 3 in Fighting
  1570 | D:7      | Reached skill level 3 in Short Blades
  1570 | D:7      | Reached skill level 3 in Long Blades
  1570 | D:7      | Reached skill level 3 in Axes
  1570 | D:7      | Reached skill level 3 in Maces & Flails
  1570 | D:7      | Reached skill level 3 in Polearms
  1570 | D:7      | Reached skill level 3 in Staves
  1570 | D:7      | Reached skill level 3 in Slings
  1570 | D:7      | Reached skill level 3 in Bows
  1570 | D:7      | Reached skill level 3 in Crossbows
  1570 | D:7      | Reached skill level 3 in Throwing
  1570 | D:7      | Reached skill level 3 in Armour
  1570 | D:7      | Reached skill level 3 in Shields
  1570 | D:7      | Reached skill level 3 in Unarmed Combat
  1570 | D:7      | Reached skill level 3 in Evocations
  1594 | D:7      | Reached skill level 6 in Spellcasting
  1617 | D:7      | HP: 4/58 [ice beast (5)]
  1617 | D:7      | Mangled by an ice beast

Vault maps used:
D:1:      lightli_arrival_windingriver, minivault_26
D:2:      minmay_door_path, lemuel_doored_altar
D:3:      lemuel_round_altar, first_bread, minmay_liquid_box, tgw_sif,
          uniq_jessica
D:4:      nicolae_overflow_hidden_temple
D:5:      nemelex_xobeh_ov_fountains_minmay, kennysheep_little_box,
          temple_green, serial_shops, nicolae_shop_stone, basic_altar,
          grunt_decor_arrowhead, feat_on_display, uniq_menkaure
D:6:      slow_altar_2, uniq_blork_the_orc
D:7:      makhleb_altar_promises_db, nicolae_overflow_crystal_walls,
          nicolae_tso_swordbearing_angel, marbit_many_paths, the_bakery,
          corexii_hall_statues_s

Skill      XL: |  1  2  3  4  5  6  7  8 |
---------------+-------------------------+-----
Transmutations | 2 3 |  3.5
Spellcasting   | 5 6 |  6.1
Fighting       | 1 2 3 |  3.3
Short Blades   | 1 2 3 |  3.3
Long Blades    | 1 2 3 |  3.3
Axes           | 1 2 3 |  3.3
Maces & Flails | 1 2 3 |  3.3
Polearms       | 1 2 3 |  3.3
Staves         | 1 2 3 |  3.3
Slings         | 1 2 3 |  3.3
Bows           | 1 2 3 |  3.3
Crossbows      | 1 2 3 |  3.3
Throwing       | 1 2 3 |  3.3
Armour         | 1 2 3 |  3.3
Shields        | 1 2 3 |  3.3
Unarmed Combat | 1 2 3 |  3.3
Conjurations   | 1 2 |  2.7
Hexes          | 1 2 |  2.7
Charms         | 1 2 |  2.7
Summonings     | 1 2 |  2.7
Necromancy     | 1 2 |  2.7
Translocations | 1 2 |  2.7
Fire Magic     | 1 2 |  2.7
Ice Magic      | 1 2 |  2.7
Air Magic      | 1 2 |  2.7
Poison Magic   | 1 2 |  2.7
Invocations    | 1 2 3 |  3.6
Evocations     | 1 2 3 |  3.3
Dodging        | 5 |  5.7
Stealth        | 5 |  5.4
Earth Magic    | 6 |  6.1

Action                   |  1- 3 |  4- 6 |  7- 9 || total
-------------------------+-------+-------+-------++-------
Melee: Dagger            |     1 |       |       ||     1
       Rapier            |       |     4 |    25 ||    29
       Bite              |       |     1 |     6 ||     7
       Scimitar          |       |       |    19 ||    19
       Whip              |       |       |     6 ||     6
 Cast: Sandblast         |    23 |    41 |    30 ||    94
       Passwall          |     4 |     6 |     2 ||    12
       Stone Arrow       |       |       |     3 ||     3
Evoke: Wand              |       |       |     5 ||     5
  Use: Scroll            |       |     5 |     3 ||     8
 Stab: Sleeping          |     1 |       |     1 ||     2
  Eat: Chunk             |       |       |     5 ||     5
Armor: Robe              |     2 |     3 |     5 ||    10
Dodge: Dodged            |    11 |    14 |    47 ||    72
       Rpst.: Scimitar   |       |       |     5 ||     5

Table legend:
 A = Spawn XP
 B = Non-spawn XP
 C = Spawn XP percentage of total XP
 D = Spawn monster count
 E = Non-spawn monster count
 F = Spawn count percentage of total count
 G = Total turns spent on level
                    A         B        C        D         E        F      G
               +---------+---------+-------+---------+---------+-------+---------
         Total |       0 |    1883 |   0.0 |       0 |      66 |   0.0 |  1617
               +---------+---------+-------+---------+---------+-------+---------
           D:1 |       0 |      25 |   0.0 |       0 |      14 |   0.0 |   326
           D:2 |       0 |       7 |   0.0 |       0 |       2 |   0.0 |    56
           D:3 |       0 |      61 |   0.0 |       0 |       7 |   0.0 |   137
           D:4 |       0 |     146 |   0.0 |       0 |       4 |   0.0 |   283
           D:5 |       0 |     295 |   0.0 |       0 |       6 |   0.0 |   331
           D:6 |       0 |     518 |   0.0 |       0 |      19 |   0.0 |   289
           D:7 |       0 |     831 |   0.0 |       0 |      14 |   0.0 |   195
               +---------+---------+-------+---------+---------+-------+---------

Table legend:
 A = Turns spent in this place as a percentage of turns spent in the entire game.
 B = Non-inter-level travel turns spent in this place as a percentage of non-inter-level travel turns spent in the entire game.
 C = Inter-level travel turns spent in this place as a percentage of turns spent in this place.
 D = Turns resting spent in this place as a percentage of non-inter-level travel turns spent in this place.
 E = Turns spent auto-exploring this place as a percentage of non-inter-level travel turns spent in this place.
 F = Non-inter-level travel turns spent in this place divided by the number of levels of this place that you've seen.
                   A       B       C       D       E      F
               +-------+-------+-------+-------+-------+----------------------
         Total | 100.0 | 100.0 |   0.6 |   0.0 |   0.0 | 229.7
       Dungeon | 100.0 | 100.0 |   0.6 |   0.0 |   0.0 | 229.7
               +-------+-------+-------+-------+-------+----------------------

Table legend:
 A = Kills in this place as a percentage of kills in entire the game.
 B = Kills by you in this place as a percentage of kills by you in the entire game.
 C = Kills by friends in this place as a percentage of kills by friends in the entire game.
 D = Other kills in this place as a percentage of other kills in the entire game.
 E = Experience gained in this place as a percentage of experience gained in the entire game.
 F = Experience gained in this place divided by the number of levels of this place that you have seen.
                   A       B       C       D       E      F
               +-------+-------+-------+-------+-------+----------------------
         Total | 100.0 | 100.0 |   N/A |   N/A | 100.0 | 269.0
       Dungeon | 100.0 | 100.0 |   N/A |   N/A | 100.0 | 269.0
               +-------+-------+-------+-------+-------+----------------------

Vault maps used:
D:1:      lightli_arrival_windingriver, minivault_26
D:2:      minmay_door_path, lemuel_doored_altar
D:3:      lemuel_round_altar, first_bread, minmay_liquid_box, tgw_sif,
          uniq_jessica
D:4:      nicolae_overflow_hidden_temple
D:5:      nemelex_xobeh_ov_fountains_minmay, kennysheep_little_box,
          temple_green, serial_shops, nicolae_shop_stone, basic_altar,
          grunt_decor_arrowhead, feat_on_display, uniq_menkaure
D:6:      slow_altar_2, uniq_blork_the_orc
D:7:      makhleb_altar_promises_db, nicolae_overflow_crystal_walls,
          nicolae_tso_swordbearing_angel, marbit_many_paths, the_bakery,
          corexii_hall_statues_s
